 Dungeon Crawl Stone Soup version 0.32-a0-960-g3814254bd7 (webtiles) character file.

Game seed: 9062512249410914008

95 LostInTranslocation the Chopper (level 4, -5/40 HPs)
             Began as a Mountain Dwarf Cinder Acolyte on Apr 17, 2024.
             Was a High Priest of Ignis.
             Engulfed by a cloud of flame (10 damage)
             ... on level 2 of the Dungeon.
             The game lasted 00:18:16 (2031 turns).

LostInTranslocation the Chopper (MDCA)              Turns: 2031, Time: 00:18:17

Health: -5/40      AC: 10    Str: 18    XL:     4   Next: 39%
Magic:  5/5        EV:  6    Int: 15    God:    Ignis [*****.]
Gold:   111        SH:  0    Dex:  5    Spells: 5/5 levels left

rFire   + . .        a - -1 hand axe (flame)
rCold   . . .        (no shield)
rNeg    . . .        d - +0 chain mail
rPois   .            (no helmet)
rElec   .            (no cloak)
rCorr   .            g - +1 pair of gloves
SInv    .            (no boots)
Will    .....        (no amulet) Stlth
                     (no ring)
HPRegen 0.26/turn    (no ring)
MPRegen 0.09/turn

%: no passive effects
@: no status effects
A: runic magic, artefact enchanting
a: Renounce Religion, Fiery Armour, Foxfire Swarm, Rising Flame


You were on level 2 of the Dungeon.
You worshipped Ignis.
Ignis was extremely pleased with you.
You visited 1 branch of the dungeon, and saw 4 of its levels.

You collected 111 gold pieces.

Inventory:

Hand Weapons
 a - a -1 hand axe of flaming (weapon)
Missiles
 i - 32 stones
 j - 5 poisoned darts
 p - 2 boomerangs (quivered)
Armour
 b - a +0 robe
 d - a +0 chain mail (worn)
 g - a +1 pair of gloves (worn)
Talismans
 e - a flux talisman
Scrolls
 h - a scroll of identify


   Skills:
 + Level 4.2 Fighting
 - Level 5.2 Axes
 - Level 1.3 Spellcasting
 - Level 3.9 Fire Magic


You had 5 spell levels left.
You didn't know any spells.
Your spell library contained the following spells:

 Spells                   Type           Power      Damage    Failure   Level
 Scorch                   Fire           24%        2d6       13%         2
 Sting                    Conj/Alch      0%         1d3       41%         1
 Mercury Vapours          Alch/Air       0%         N/A       54%         2
 Olgreb's Toxic Radiance  Alch           0%         N/A       99%         4
 Alistair's Intoxication  Alch           0%         N/A       100%        5
 Borgnjor's Vile Clutch   Necr/Erth      0%         N/A       100%        5
 Eringya's Noxious Bog    Alch           0%         4d6       100%        6


Dungeon Overview and Level Annotations

Branches:
Dungeon (4/15)
 Temple: D:4-7

Altars:
Gozag

Shops:
D:4 (

Annotations:
D:3 Grinder


Innate Abilities, Weirdness & Mutations

Your spellcasting is much less encumbered by armour.
You can use scrolls of enchantment on lesser artefacts.


Message History

Terence hits you but does no damage.
Health restored: 40 You hit Terence but do no damage.
Terence hits you but does no damage.
Natasha wildly gestures.
Natasha shimmers violently.
You barely miss Terence. Terence hits you with a +0 flail.
You take 2 damage, and have 38/40 hp.
You barely miss Terence. Terence hits you with a +0 flail.
You take 1 damage, and have 37/40 hp.
You closely miss Terence. Terence hits you with a +0 flail.
You take 2 damage, and have 35/40 hp.
Terence attacks as he pursues you! Terence hits you with a +0 flail.
You take 3 damage, and have 32/40 hp.
You barely miss Terence. Terence says, "How do you enjoy it?"
Terence hits you with a +0 flail.
You take 5 damage, and have 27/40 hp.
You hit Terence.
Flame seeps out of Terence.
You burn Terence.
Flame seeps out of Terence.
Terence is lightly wounded.
Terence is engulfed in blazing flames.
Flame seeps out of Terence.
Terence hits you but does no damage.
You hit Terence.
Flame seeps out of Terence.
You burn Terence.
Flame seeps out of Terence.
Terence is severely wounded.
Terence is engulfed in blazing flames.
Flame seeps out of Terence.
Terence hits you with a +0 flail.
Natasha casts a spell.
You take 4 damage, and have 23/40 hp.
You hit Terence. You burn Terence.
Terence explodes!
The fiery explosion engulfs Natasha!!
Natasha yowls pathetically as she dies!
The cerulean imp disappears in a puff of smoke!
The fiery explosion engulfs you!! You resist.
* * * LOW HITPOINT WARNING * * *
Natasha explodes!
You are engulfed in blazing flames.
You resist.
You die...
Ignis goes out, and joins you in death.

**,,,,,,,,,,* ###..* ###.<#..
,,,,,,,,....####.$..### ##...#...
,,,,**,*#........$...####..###..#
,**,*,,.#...####.##....##.####.##
,,*,,,,....####>.##.##.##.#....##
,,,,,,,,#..##...###.##....#.#....
,,,,*,,##...#.#####.###.........#
,,***,,.....#§#####..##.#.......#
,,,***,,##...§§°@................
*,,*,,,..#..§#§#####.##.#......##
,,,,,,,........#§§§§§§.........##
,,,,,*,..#.....§§§§§........<..#.
,,,*,**,##..####§§§§§..........##
*,**,,,.....#############......##
,,,,,**##.?.########### #......##
,,,*** ############### ######.##
**** #.##


There were no monsters in sight!

Vanquished Creatures
  Terence (D:2)
  Natasha (twice) (D:2)
  An adder (D:2)
  A ribbon worm (D:2)
  An orc (D:3)
  4 ball pythons
  A bat (D:1)
  3 endoplasms
  A giant cockroach (D:1)
  8 goblins
  4 hobgoblins
  4 jackals (D:2)
  6 kobolds
  3 quokkas (D:1)
  2 frilled lizards
  A rat (D:1)
43 creatures vanquished.

Vanquished Creatures (collateral kills)
  Robin (D:2)
  2 goblins (D:2)
3 creatures vanquished.

Grand Total: 46 creatures vanquished

Notes
Turn   | Place    | Note
-------+----------+-------------------------------------------
     0 | D:1      | LostInTranslocation the Mountain Dwarf Cinder Acolyte began
                  | the quest for the Orb.
     0 | D:1      | Reached XP level 1. HP: 19/19 MP: 2/2
   244 | D:1      | Reached XP level 2. HP: 23/26 MP: 3/3
   982 | D:2      | Found an opulent altar of Gozag.
  1000 | D:2      | Reached skill level 4 in Axes
  1186 | D:2      | Noticed Natasha
  1210 | D:2      | Killed Natasha
  1211 | D:2      | Reached XP level 3. HP: 15/33 MP: 4/4
  1532 | D:2      | Noticed Robin
  1558 | D:2      | Reached XP level 4. HP: 38/40 MP: 5/5
  1575 | D:2      | Killed Robin
  1576 | D:2      | Reached skill level 5 in Axes
  1735 | D:2      | You fall into a shaft and drop 2 floors!
  1888 | D:4      | Found Jaefoobo's Antique Weapon Shop.
  1982 | D:3      | Noticed Grinder
  2001 | D:2      | Noticed Terence
  2009 | D:2      | Noticed Natasha
  2031 | D:2      | Killed Terence
  2031 | D:2      | Killed Natasha
  2031 | D:2      | Engulfed by a cloud of flame

Illustrated notes

Levels and vault maps discovered:
D:1:      spicycebolla_green_bress_n_ham_2, layout_basic,
          minmay_misc_feat_nine_boxes
D:2:      layout_rooms, basic_altar, grunt_decor_fettered, nicolae_eternal_life,
          hangedman_decor_clover_reticule, uniq_terence, uniq_robin,
          uniq_natasha
D:3:      layout_loops_corners, shapermc_ecumenical_altar_flowoftime,
          lightli_sewer_entry_pipes, minmay_vboxes, uniq_crazy_yiuf_cottage,
          uniq_sigmund, uniq_grinder, uniq_ijyb
D:4:      layout_loops_corners, mainiacjoe_overflow_small_starburst,
          minmay_temple_entry_junction_2, ebering_ghost_rock_garden,
          serial_shops, nicolae_square_shop

Skill      XL: |  1  2  3  4 |
---------------+-------------+-----
Axes           | 4 5 |  5.2
Fighting       | 4 |  4.2
Spellcasting   | |  1.3
Fire Magic     | |  3.9

Action                     |  1- 3 |  4- 6 || total
---------------------------+-------+-------++-------
  Melee: Hand axe          |   118 |    46 ||   164
 Invoke: Fiery Armour      |     1 |       ||     1
    Use: Scroll            |     1 |     8 ||     9
         Potion            |       |     1 ||     1
 Armour: Robe              |    16 |       ||    16
         Chain mail        |    66 |    65 ||   131
  Dodge: Dodged            |    45 |    10 ||    55

Table legend: (Time is in decaauts)
 A = Elapsed time spent in this place.
 B = Non-inter-level travel time spent in this place.
 C = Inter-level travel time spent in this place.
 D = Time resting spent in this place.
 E = Time spent auto-exploring this place.
 F = Levels seen in this place.
 G = Mean time per level.
                   A        B        C        D        E       F      G
               +--------+--------+--------+--------+--------+-----+--------+
         Total |   2046 |   1964 |     82 |    256 |   1183 |   4 |  511.5 |
       Dungeon |   2046 |   1964 |     82 |    256 |   1183 |   4 |  511.5 |
               +--------+--------+--------+--------+--------+-----+--------+

Top non-repeatable levels by time:
     D:1: 981 daAuts
     D:2: 813 daAuts
     D:4: 212 daAuts
     D:3: 39 daAuts
